 Dungeon Crawl Stone Soup version 0.29-a0-362-g5854e031c7 (webtiles) character file.

Game seed: 16342929772034422113

45 sammy202020 the Skirmisher (level 3, 0/24 HPs)
             Began as a Gargoyle Fighter on Apr 30, 2022.
             Frozen to death by an endoplasm (4 damage)
             ... on level 3 of the Dungeon.
             The game lasted 00:02:09 (1627 turns).

sammy202020 the Skirmisher (Gargoyle Fighter)       Turns: 1627, Time: 00:02:10

Health: 0/24       AC: 11    Str: 19    XL:     3   Next: 64%
Magic:  3/3        EV:  9    Int: 10    God:
Gold:   36         SH:  4    Dex:  9    Spells: 2/2 levels left

rFire   . . .      SeeInvis .   a - +0 flail
rCold   . . .      Faith    .   c - +0 buckler
rNeg    + . .      Spirit   .   b - +0 scale mail
rPois   ∞          Reflect  .   (no helmet)
rElec   +          Harm     .   (no cloak)
rCorr   .          Rampage  .   (no gloves)
Will    .....                   p - +0 pair of boots
Stlth   ..........              k - amulet of the acrobat
HPRegen 0.08/turn               (no ring)
MPRegen 0.08/turn               (no ring)

@: no status effects
A: sickness immunity, AC +3, negative energy resistance 1, electricity
resistance, torment resistance 1, petrification resistance
a: no special abilities


You were on level 3 of the Dungeon.
You visited 1 branch of the dungeon, and saw 3 of its levels.

You collected 36 gold pieces.

Inventory:

Hand Weapons
 a - a +0 flail (weapon)
 j - a +0 hunting sling
Missiles
 m - 5 poisoned darts (quivered)
Armour
 b - a +0 scale mail (worn)
 c - a +0 buckler (worn)
 p - a +0 pair of boots (worn)
Jewellery
 k - an amulet of the acrobat (around neck)
 l - a ring of resist corrosion
Scrolls
 e - 2 scrolls of identify {unknown}
 i - a scroll of magic mapping {unknown}
 q - a scroll of blinking {unknown}
Potions
 d - 2 potions of might
 f - a potion of invisibility {unknown}
 g - a potion of curing {unknown}
 h - a potion of lignification {unknown}
 n - a potion of haste {unknown}
 o - a potion of attraction {unknown}


   Skills:
 * Level 3.9 Fighting
 * Level 2.7 Maces & Flails
 + Level 3.6 Armour
 + Level 3.6 Shields


You had 2 spell levels left.
You didn't know any spells.
Your spell library was empty.

Dungeon Overview and Level Annotations

Branches:
Dungeon (3/15)

Altars:


Innate Abilities, Weirdness & Mutations

You are immune to sickness and miasma.
Your stone body is resilient. (AC +3)
You are immune to poison.
You resist negative energy. (rN+)
You are resistant to electric shocks. (rElec)
You are resistant to unholy torment.
You are immune to petrification.


Message History

You are frozen.
You block the adder's attack.
The endoplasm hits you but does no damage.
You barely miss the adder. The adder bites you but does no damage.
The endoplasm jiggles.
The endoplasm freezes you.
You are frozen.
The adder barely misses you.
You miss the adder.
The endoplasm hits you but does no damage.
The adder bites you.
You hit the adder but do no damage. You block the adder's attack.
The endoplasm hits you but does no damage.
The adder bites you but does no damage. You block the endoplasm's attack.
You barely miss the adder. The adder bites you.
The endoplasm hits you but does no damage.
You block the adder's attack.
You closely miss the adder. You block the adder's attack.
The endoplasm barely misses you. The adder bites you.
You are too injured to fight recklessly!
You are too injured to fight recklessly!
You are too injured to fight recklessly!
You are too injured to fight recklessly!
You are too injured to fight recklessly!
The endoplasm attacks as you move away! The endoplasm closely misses you.
There is an open door here.
The endoplasm attacks as you move away! The endoplasm misses you.
An adder comes into view.
The adder hisses angrily.
The endoplasm attacks as you move away! The endoplasm completely misses you.
You block the adder's attack.
Found a stone staircase leading up.
The adder misses you.
You hit the adder but do no damage. The endoplasm hits you.
The adder closely misses you. The endoplasm freezes you.
You are frozen.
* * * LOW HITPOINT WARNING * * *
You miss the adder. The adder bites you but does no damage.
The adder closely misses you. The endoplasm freezes you.
You are frozen.
You die...

##. #. .... ..#
#... #... . ...
.#..#
#..#.#####..#.#.
#.....SS@...#...
.#..#.J#...##8.
#..#....###
#..#....... #
#<.#.#.....
##.##.##'#.##..<.
#.............##.
#...............
#............###


You could see 2 adders and an endoplasm.

Vanquished Creatures
  An adder (D:2)
  A ball python (D:2)
  5 bats
  4 endoplasms (D:2)
  2 goblins
  A hobgoblin (D:2)
  7 jackals
  2 quokkas
  4 kobolds (D:2)
  5 rats
32 creatures vanquished.

Vanquished Creatures (others)
  3 plants (D:2)
3 creatures vanquished.

Grand Total: 35 creatures vanquished

Notes
Turn   | Place    | Note
-------+----------+-------------------------------------------
     0 | D:1      | sammy202020 the Gargoyle Fighter began the quest for the
                  | Orb.
     0 | D:1      | Reached XP level 1. HP: 14/14 MP: 1/1
   283 | D:1      | Reached XP level 2. HP: 14/19 MP: 2/2
   848 | D:2      | Reached XP level 3. HP: 21/24 MP: 3/3
  1627 | D:3      | Frozen to death by an endoplasm

Illustrated notes

Levels and vault maps discovered:
D:1:      dpeg_arrival_line_fractal, layout_loops_ring, dk_noncrumbling_2,
          minmay_misc_feat_nine_boxes
D:2:      layout_basic, serial_bayou_lagoon_b
D:3:      layout_basic, grunt_dithmenos_smoke_and_mirrors,
          gammafunk_ghost_arena, basic_ecumenical_altar

Action                   || total
-------------------------++-------
Melee: Flail             ||   114
Armor: Scale mail        ||    78
Dodge: Dodged            ||    77
Block: Buckler           ||    41

Table legend: (Time is in decaauts)
 A = Elapsed time spent in this place.
 B = Non-inter-level travel time spent in this place.
 C = Inter-level travel time spent in this place.
 D = Time resting spent in this place.
 E = Time spent auto-exploring this place.
 F = Levels seen in this place.
 G = Mean time per level.
                   A        B        C        D        E       F      G
               +--------+--------+--------+--------+--------+-----+--------+
         Total |   1695 |   1640 |     55 |      0 |   1297 |   3 |  565.0 |
       Dungeon |   1695 |   1640 |     55 |      0 |   1297 |   3 |  565.0 |
               +--------+--------+--------+--------+--------+-----+--------+

Top non-repeatable levels by time:
     D:2: 926 daAuts
     D:1: 744 daAuts
     D:3: 23 daAuts
